 Dungeon Crawl Stone Soup version 0.18.1-48-g4cf74bf (webtiles) character file.

30 Goblin1989 the Charlatan (level 3, 0/26 HPs)
             Began as a Demonspawn Artificer on Aug 2, 2016.
             Slain by an adder (4 damage)
             ... on level 2 of the Dungeon.
             The game lasted 00:04:27 (1219 turns).

Goblin1989 the Charlatan (Demonspawn Artificer)     Turns: 1219, Time: 00:04:28

Health: 0/26       AC:  3    Str: 12    XL:     3   Next: 5%
Magic:  5/5        EV: 11    Int: 13    God:
Gold:   19         SH:  0    Dex: 13    Spells: 0 memorised, 2 levels left

rFire  . . .     SeeInvis .     i - +0 club
rCold  . . .     Gourm    .     b - +0 leather armour
rNeg   . . .     Faith    .     (no shield)
rPois  .         Spirit   .     (no helmet)
rElec  .         Dismiss  .     (no cloak)
rCorr  .         Reflect  .     (no gloves)
SustAt .         Harm     .     (no boots)
MR     .....                    (no amulet)
Stlth  +.........               (no ring)
                                (no ring)

@: lethally poisoned (0 -> -4), not resistant to hostile enchantments, very
unstealthy
A: demonic guardian 2
a: no special abilities


You were on level 2 of the Dungeon.
You were very hungry.

You visited 1 branch of the dungeon, and saw 2 of its levels.

You collected 19 gold pieces.

Inventory:

Hand Weapons
 a - a +0 short sword
 i - a +0 club (weapon)
Armour
 b - a +0 leather armour (worn)
Jewellery
 k - an uncursed ring of sustain attributes {unknown}
Wands
 c - a wand of flame (10/48)
 d - a wand of enslavement (11/24)
 e - a wand of random effects (15/48)
Scrolls
 g - a scroll of fear {unknown}
 h - 2 scrolls of identify {unknown}
 j - 2 scrolls of teleportation {unknown}
 n - a scroll of blinking {unknown}
Potions
 l - a potion of curing {unknown}
 m - a potion of degeneration {unknown}
Comestibles
 f - a bread ration


   Skills:
 - Level 1.5 Fighting
 - Level 0.8 Short Blades
 + Level 2.1 Maces & Flails
 - Level 1.7 Dodging
 - Level 0.8 Stealth
 - Level 3.0 Evocations


You had 2 spell levels left.
You didn't know any spells.

Dungeon Overview and Level Annotations

Branches:
Dungeon (2/15)

Altars:
Ru


Innate Abilities, Weirdness & Mutations

A demonic guardian rushes to your aid.


Message History

* * * LOW HITPOINT WARNING * * *
You feel sick.
The giant cockroach bites you but does no damage. x2
You take 1 damage, and have 5/26 hp.
You closely miss the giant cockroach.
The giant cockroach is almost dead.
The giant cockroach barely misses you.
You hit the giant cockroach.
You kill the giant cockroach!
* * * LOW HITPOINT WARNING * * *
You feel sick. The adder bites you.
* * * LOW HITPOINT WARNING * * *
You take 1 damage, and have 4/26 hp.
Evoke which item? (* to show all) (? for menu, Esc to quit)
Zapping:
d - a wand of enslavement (12/24)
Press: ? - help, Shift-Dir - straight line, f - adder
Aim: an adder (lightly wounded, chance to defeat MR: 61%)
The adder resists with significant effort.
This wand has 11 charges left.
The adder bites you.
You die...

##### #≈≈≈#
#≈_≈# #...#
#.≈.# #...#
#.≈.# #..@#
#.≈S######
##...#....#.#
#≈.≈.≈......#
#.≈.≈.<....#
#.#........#
#.........##
####......#
#.......#


You could see an adder.

Vanquished Creatures
  An ooze (D:1)
  A giant gecko (D:1)
  3 giant cockroaches
  3 goblins
  3 hobgoblins (D:1)
  A ball python (D:1)
  2 bats (D:1)
  A giant newt (D:1)
  6 kobolds
  3 rats (D:1)
24 creatures vanquished.

Vanquished Creatures (collateral kills)
  A goblin (D:2)
  A kobold (D:2)
2 creatures vanquished.

Vanquished Creatures (others)
  An adder (D:2)
1 creature vanquished.

Grand Total: 27 creatures vanquished

Notes
Turn   | Place    | Note
--------------------------------------------------------------
     0 | D:1      | Goblin1989 the Demonspawn Artificer began the quest for the Orb.
     0 | D:1      | Reached XP level 1. HP: 15/15 MP: 3/3
   127 | D:1      | Reached skill level 1 in Maces & Flails
   128 | D:1      | Gained mutation: A weak demonic guardian rushes to your aid. [demonic ancestry]
   128 | D:1      | Reached XP level 2. HP: 4/21 MP: 4/4
  1161 | D:2      | Gained mutation: A demonic guardian rushes to your aid. [demonic ancestry]
  1161 | D:2      | Reached XP level 3. HP: 26/26 MP: 5/5
  1202 | D:2      | Found a sacrificial altar of Ru.
  1219 | D:2      | Slain by an adder

Skill      XL: |  1  2 |
---------------+-------+-----
Maces & Flails | 1 2 |  2.1
Fighting       | |  1.5
Short Blades   | |  0.8
Dodging        | |  1.7
Stealth        | |  0.8
Evocations     | |  3.0

Action                   || total
-------------------------++-------
Melee: Short sword       ||    20
       Club              ||    74
Evoke: Wand              ||     9
Armor: Leather armour    ||    29
Dodge: Dodged            ||    64
